 Dungeon Crawl Stone Soup version 0.30.0-20-g3b4254fcbd (webtiles) character file.

Game seed: 12391445715992747849

16452 Gabide the Destroyer (level 11, -3/75 HPs)
             Began as a Demigod Conjurer on May 31, 2023.
             Slain by a naga
             ... wielding a +0 dire flail
              (11 damage)
             ... on level 2 of the Abyss on June 2, 2023.
             The game lasted 00:34:38 (17301 turns).

Gabide the Destroyer (Demigod Conjurer)            Turns: 17301, Time: 00:34:38

Health: -3/75      AC: 11    Str: 12      XL:     11   Next: 80%
Magic:  4/26       EV: 14    Int: 32      God:
Gold:   825        SH:  7    Dex: 11 (12) Spells: 12/25 levels left

rFire   . . .        a - +6 dagger (elec)
rCold   + . .        y - +3 buckler of Mezcal {Str+4}
rNeg    . . .        i - +1 robe {rC+}
rPois   .            r - +0 helmet
rElec   .            t - +1 cloak
rCorr   .            (no gloves)
SInv    +            o - +0 pair of boots
Will    +....        (no amulet)
Stlth   ++           f - +4 ring of protection
HPRegen 0.32/turn    E - ring of see invisible
MPRegen 0.20/turn

%: no passive effects
@: lethally poisoned (-3 -> -17), slowed, studying Shields, very slow
A: high MP 1, forlorn, divine attributes, [frail 2], [no potion heal 2]
a: no special abilities


You were on level 2 of the Abyss.
You visited 1 branch of the dungeon, and saw 12 of its levels.
You visited the Abyss 1 time.
You also visited: Ossuary and Bailey.

You collected 825 gold pieces.

Inventory:

Hand Weapons
 a - a +6 dagger of electrocution (weapon)
Armour
 g - the +2 robe of Lightning Storm {Will- Regen+ Str+9}
   (You found it on level 2 of the Dungeon)

   Str:       It affects your strength (+9).
   Regen:     It increases your rate of health regeneration.
   Will:      It decreases your willpower.
 i - a +1 robe of cold resistance (worn)
 o - a +0 pair of boots (worn)
 r - a +0 helmet (worn)
 t - a +1 cloak (worn)
 y - the +3 buckler of Mezcal (worn) {Str+4}
   (You acquired it in an ossuary)

   Str:       It affects your strength (+4).
 A - a +2 ring mail of fire resistance
Jewellery
 b - the ring "Juwn" {rElec rPois rC+ rCorr Str-2}
   (You acquired it in an ossuary)

   [ring of protection from cold]

   Str:       It affects your strength (-2).
   rC:        It protects you from cold.
   rElec:     It insulates you from electricity.
   rPois:     It protects you from poison.
   rCorr:     It protects you from acid and corrosion.
 f - a +4 ring of protection (left hand)
 m - a ring of positive energy
 p - a ring of fire
 w - a +5 ring of evasion
 D - a ring of resist corrosion
 E - a ring of see invisible (right hand)
Wands
 k - a wand of light (6)
 q - a wand of flame (25)
 G - a wand of digging (4)
Scrolls
 c - a scroll of amnesia
 h - a scroll of vulnerability
 v - 5 scrolls of blinking
 x - 2 scrolls of immolation
 F - a scroll of identify
Potions
 d - 3 potions of curing
 e - 2 potions of heal wounds
 j - 2 potions of mutation
 s - 2 potions of flight
 z - 2 potions of haste
 C - a potion of berserk rage
 H - a potion of brilliance {unknown}
Miscellaneous
 l - a lightning rod (4/4)


   Skills:
 + Level 8.0 Fighting
 + Level 8.1 Dodging
 - Level 2.0 Stealth
 - Level 4.0 Shields
 + Level 7.5 Spellcasting
 - Level 12.0 Conjurations


You had 12 spell levels left.
You knew the following spells:

 Your Spells              Type           Power      Damage    Failure   Level
a - Magic Dart            Conj           100%       1d8       1%          1
b - Searing Ray           Conj           100%       2d8       1%          2
c - Stone Arrow           Conj/Erth      100%       3d13      1%          3
d - Dazzling Flash        Conj/Hex       100%       N/A       1%          3
e - Iskenderun's Mystic   Conj/Tloc      50%        2d11      4%          4

Your spell library contained the following spells:

 Spells                   Type           Power      Damage    Failure   Level
 Foxfire                  Conj/Fire      100%       2x1d9     1%          1
 Shock                    Conj/Air       100%       1d9       1%          1
 Fulminant Prism          Conj/Hex       25%        3d13      4%          4
 Sticky Flame             Conj/Fire      50%        2d7       4%          4
 Apportation              Tloc           24%        N/A       5%          1
 Sandblast                Erth           24%        2d8       5%          1
 Passwall                 Tmut/Erth      10%        N/A       9%          2
 Fireball                 Conj/Fire      25%        3d11      13%         5
 Ignite Poison            Fire/Tmut/Pois 12%        N/A       16%         3
 Swiftness                Air            12%        N/A       16%         3
 Airstrike                Air            6%         2d(1-17)  47%         4
 Starburst                Conj/Fire      25%        6d8       56%         6
 Alistair's Intoxication  Tmut/Pois      8%         N/A       83%         5
 Plasma Beam              Fire/Air       6%         2x1d18    100%        6
 Ignition                 Fire           6%         3d4       100%        8


Dungeon Overview and Level Annotations

Branches:
Dungeon (11/15)            Temple (0/1) D:7            Lair (0/5) D:11
    Orc (0/2) D:10        Ossuary (visited)          Bailey (visited)

Shops:
D:10 :[

Annotations:
D:10 exclusion: 8 doors
D:11 exclusion: orange crystal statue
D:13 Erolcha, Urug


Innate Abilities, Weirdness & Mutations

You have an increased reservoir of magic. (+10% MP)
You shall have no god before yourself.
Your divine heritage dramatically boosts your attributes as you level up.
[You are very frail. (-20% HP)]
[Potions cannot restore your health.]


Message History

You closely miss the guardian serpent.
The guardian serpent is severely wounded.
The guardian serpent hits you!
You block the guardian serpent's attack.
A naga mage comes into view. It is wielding a +0 flail.
The guardian serpent barely misses you.
You closely miss the guardian serpent.
The guardian serpent is severely wounded.
The guardian serpent misses you.
A naga mage comes into view. It is wielding a +0 whip.
The guardian serpent hits you!!
The naga mage shouts!
You are too injured to fight recklessly!
Aiming: Stone Arrow (safe; 1% risk of failure)
Press: ? - help, Q - select action, (/) - cycle Shift-Dir - straight line, f/p - guardian serpent
Aim: a guardian serpent (severely wounded, blind, 66% to hit)
The stone arrow hits the guardian serpent!
The guardian serpent is almost dead.
The naga mage shouts!
The guardian serpent coils itself and waves its upper body at you.
The bolt of poison hits you!
You are poisoned.
The naga mage gestures wildly while chanting.
The naga mage seems to speed up.
The guardian serpent coils itself and waves its upper body at you.
The bolt of poison hits you.
You are more poisoned.
* * * LOW HITPOINT WARNING * * *
A salamander comes into view.
Aiming: Stone Arrow (safe; 1% risk of failure)
Press: ? - help, Q - select action, (/) - cycle Shift-Dir - straight line, f/p - guardian serpent
Aim: a guardian serpent (almost dead, blind, 66% to hit)
The stone arrow hits the guardian serpent!
You kill the guardian serpent!
* * * LOW HITPOINT WARNING * * *
You feel extremely sick. The naga hits you with a +0 dire flail.
* * * LOW HITPOINT WARNING * * *
The naga closely misses you. The naga hits you with a +0 dire flail!
You die...

#.# .. .. ...
...... .# #.#.# .
#. # #... .# ##. ..
. .#... ###### ..#.
. #... ....#...#
... ..#.. .#.## #.#
. ..###
#...#.##N.#.#.. .#
... .###..@†.N.N..
..
..##.#...#.#....#.#
..#..
##.#.##..##### #
.... .#..#..#. #..
... .#..####.#. .#
.. . ...# ..##. #
.# ..#... .#..#
.... # ...#. ..# .
#. ....## . . #.##


You could see a salamander, a naga mage and a naga.

Vanquished Creatures
  A two-headed ogre (D:11)
  Erica (D:8)
  A large abomination (Abyss:2)
  A shadow wraith (Abyss:2)
  A glowing orange brain (Abyss:2)
  An orc knight (D:10)
  Pikel (D:5)
  An ugly thing (Abyss:2)
  A manticore (D:13)
  A worldbinder (Abyss:2)
  A smoke demon (Abyss:2)
  Maurice (D:8)
  A guardian serpent (Abyss:2)
  A gargoyle (Bailey)
  2 trolls
  A hornet (D:8)
  A raiju (Abyss:2)
  A vampire (Bailey)
  17 yaks
  2 wraiths
  2 wyverns (D:11)
  3 basilisks
  A chaos spawn (Abyss:2)
  2 steam dragons
  Grum (D:8)
  5 vampire mosquitoes
  A neqoxec (Abyss:2)
  5 water moccasins
  Duvessa (D:5)
  An orc warrior (D:10)
  A sky beast (D:8)
  4 black bears (D:11)
  An ice beast (D:7)
  5 wolves
  4 centaurs
  3 lemures (D:5)
  2 phantoms
  An elf zombie (D:7)
  3 kobold brigands
  A bullfrog (D:7)
  Dowan (D:5)
  8 vampire bats (Bailey)
  7 howler monkeys
  7 wolf zombies (Bailey)
  4 crimson imps (D:10)
  A quasit (Abyss:2)
  11 hounds
  4 human zombies
  A jelly (D:8)
  An iron imp (Abyss:2)
  3 orc priests
  Crazy Yiuf (D:5)
  A gnoll bouda (D:10)
  3 sleepcaps
  Ijyb (D:5)
  2 human skeletons (D:7)
  6 iguanas
  10 orc wizards
  2 hound zombies (Ossuary)
  4 mummies (Ossuary)
  6 adders
  8 gnolls
  A shadow imp (D:6)
  A white imp (D:6)
  An ufetubus (D:6)
  An adder zombie (Ossuary)
  A worm (D:3)
  4 dart slugs
  52 orcs
  6 ball pythons
  2 bats
  4 endoplasms
  A giant cockroach (D:4)
  11 goblins
  4 hobgoblins
  6 jackals
  6 quokkas
  7 frilled lizards
  A gnoll zombie (Ossuary)
  A goblin zombie (Ossuary)
  14 kobolds
  A kobold zombie (Ossuary)
  An orc skeleton (D:7)
  23 orc zombies
  5 rats
  2 rat zombies (Ossuary)
  A spectral kobold (D:8)
334 creatures vanquished.

Vanquished Creatures (others)
  10 starspawn tentacles (Abyss:2)
10 creatures vanquished.

Grand Total: 344 creatures vanquished

Notes
Turn   | Place    | Note
-------+----------+-------------------------------------------
     0 | D:1      | Gabide the Demigod Conjurer began the quest for the Orb.
     0 | D:1      | Reached XP level 1. HP: 14/14 MP: 5/5
   172 | D:1      | Reached XP level 2. HP: 22/22 MP: 2/7
   628 | D:1      | Reached skill level 4 in Conjurations
  1276 | D:2      | Reached XP level 3. HP: 27/27 MP: 5/8
  1421 | D:2      | Reached skill level 1 in Fighting
  1481 | D:1      | Learned a level 2 spell: Searing Ray
  1835 | D:2      | Reached XP level 4. HP: 35/35 MP: 6/10
  2019 | D:2      | Identified the +2 robe of Lightning Storm {Will- Regen+
                  | Str+9}
  3510 | D:4      | Reached XP level 5. HP: 41/41 MP: 4/11
  4288 | D:4      | Reached skill level 5 in Conjurations
  4796 | D:5      | Entered Level 5 of the Dungeon
  4859 | D:5      | Reached XP level 6. HP: 42/49 MP: 8/13
  5370 | D:5      | Noticed Duvessa
  5384 | D:5      | Killed Duvessa
  5385 | D:5      | Reached skill level 6 in Conjurations
  5386 | D:5      | Noticed Dowan
  5515 | D:5      | Noticed Ijyb
  5521 | D:5      | Killed Ijyb
  5522 | D:5      | Reached skill level 1 in Shields
  5675 | D:5      | Reached XP level 7. HP: 57/57 MP: 10/14
  5940 | D:5      | Killed Dowan
  6159 | D:5      | Noticed Pikel
  6167 | D:5      | Killed Pikel
  6168 | D:5      | Reached XP level 8. HP: 52/63 MP: 0/16
  6399 | D:5      | Found a runed translucent door.
  6400 | D:5      | Noticed Crazy Yiuf
  6491 | D:5      | Killed Crazy Yiuf
  6841 | D:6      | Learned a level 3 spell: Stone Arrow
  6845 | D:6      | Learned a level 3 spell: Dazzling Flash
  7099 | D:6      | Reached skill level 7 in Conjurations
  7933 | D:7      | Found a staircase to the Ecumenical Temple.
  8381 | D:7      | Found a sand-covered staircase.
  8387 | Ossuary  | Entered an ossuary
  8574 | Ossuary  | Identified 2 scrolls of acquirement
  8580 | Ossuary  | Acquired the +3 buckler of Mezcal {Str+4}
  8593 | Ossuary  | Acquired the ring "Juwn" {rElec rPois rC+ rCorr Str-2}
  9045 | D:7      | Reached XP level 9. HP: 72/72 MP: 11/19
  9164 | D:7      | Reached skill level 8 in Conjurations
  9884 | D:8      | Noticed Erica
  9892 | D:8      | Noticed Grum
  9911 | D:8      | Killed Grum
  9912 | D:8      | Reached skill level 5 in Fighting
  9912 | D:8      | Reached skill level 5 in Dodging
  9916 | D:8      | Reached skill level 5 in Spellcasting
  9957 | D:8      | Killed Erica
  9958 | D:8      | Reached skill level 9 in Conjurations
 10062 | D:8      | Found a flagged portal.
 10074 | D:8      | Noticed Maurice
 10093 | D:8      | Killed Maurice
 10094 | D:8      | Reached XP level 10. HP: 53/83 MP: 2/21
 10107 | Bailey   | Entered a bailey
 11223 | Bailey   | Identified the +2 chain mail "Vocehou" {rN+ Dex+3}
 12203 | D:9      | Reached skill level 10 in Conjurations
 12827 | D:9      | Found a large runed translucent door.
 12827 | D:9      | Found a large runed translucent door.
 13168 | D:9      | Learned a level 4 spell: Iskenderun's Mystic Blast
 13169 | D:10     | Entered Level 10 of the Dungeon
 13266 | D:10     | Noticed an orc knight
 13906 | D:10     | Found Mas Liox's Book Shop.
 14050 | D:10     | Killed an orc knight
 14200 | D:10     | Found a staircase to the Orcish Mines.
 14491 | D:10     | Found Atwokh's Antique Armour Shop.
 14939 | D:10     | Noticed a manticore
 14939 | D:10     | Noticed a two-headed ogre
 15224 | D:11     | Reached XP level 11. HP: 91/91 MP: 11/24
 15415 | D:11     | Noticed a two-headed ogre
 15424 | D:11     | Killed a two-headed ogre
 15649 | D:11     | Reached skill level 11 in Conjurations
 16165 | D:11     | Found a staircase to the Lair.
 16608 | D:11     | Noticed an orange crystal statue
 16703 | D:11     | You fall into a shaft and drop 2 floors!
 16790 | D:13     | Noticed a five-headed hydra
 16803 | D:13     | Noticed Urug
 16809 | D:13     | Noticed a deep elf pyromancer
 16809 | D:13     | Noticed a centaur warrior
 16809 | D:13     | Noticed Erolcha
 16816 | Abyss:2  | Cast into level 2 of the Abyss (Erolcha)
 16923 | Abyss:2  | Noticed a shadow wraith
 16926 | Abyss:2  | Killed a shadow wraith
 16927 | Abyss:2  | Noticed a tentacled starspawn
 16946 | Abyss:2  | Upgraded the game from 0.30.0-19-g36f170ea60 to
                  | 0.30.0-20-g3b4254fcbd
 16988 | Abyss:2  | Noticed a lorocyproca
 17035 | Abyss:2  | Noticed a large abomination
 17064 | Abyss:2  | Killed a large abomination
 17137 | Abyss:2  | Noticed a glowing orange brain
 17145 | Abyss:2  | Killed a glowing orange brain
 17146 | Abyss:2  | Reached skill level 12 in Conjurations
 17236 | Abyss:2  | Noticed a wretched star
 17240 | Abyss:2  | Noticed a black draconian
 17280 | Abyss:2  | Noticed a naga warrior
 17301 | Abyss:2  | Slain by a naga

Illustrated notes

Levels and vault maps discovered:
D:1:      reono_arrival_forest_river, layout_basic
D:2:      cheibrodos_pilgrimage, layout_basic, chequers_arboretum,
          kennysheep_crisscross
D:3:      layout_basic
D:4:      layout_basic, mainiacjoe_overflow_boulevard
D:5:      layout_loops_corners, uniq_pikel, uniq_crazy_yiuf_cottage, uniq_ijyb,
          uniq_duvessa
D:6:      layout_basic
D:7:      layout_loops_ring, minmay_temple_entry_poolview,
          nicolae_ossuary_entry_catacombs
D:8:      layout_rooms, nicolae_hepliaklqana_monster_ancestors,
          lemuel_doored_altar, enter_bailey_5, uniq_maurice, uniq_erica,
          uniq_grum
D:9:      layout_basic, jmf_multi_god_temple2, nicolae_benzene_ring
D:10:     layout_cave_pods, led_xom_imps, orc_david_3, serial_shops, shop,
          serial_gnoll_camp, gnoll_camp_mini_shop, gnoll_camp_mini_doghouse,
          grums_kennel, gnoll_camp_mini_hut, lightli_fourway_metalbox
D:11:     minmay_statue_hallways, layout_loops_corners, minmay_lair_entry_grove
D:13:     layout_gridville, uniq_jorgrun, uniq_urug, uniq_erolcha
Abyss:2:  base: D:12, base: D:12, hangedman_decor_lopped,
          hangedman_decor_lopped, minivault_19

Skill      XL: |  1  2  3  4  5  6  7  8  9 10 11 |
---------------+----------------------------------+-----
Dodging        | 2 3 4 5 6 8 |  8.1
Spellcasting   | 2 3 4 5 6 7 |  7.5
Conjurations   | 4 5 6 7 9 10 12 | 12.0
Fighting       | 1 2 3 4 5 6 8 |  8.0
Stealth        | 2 |  2.0
Shields        | 1 4 |  4.0

Action                     |  1- 3 |  4- 6 |  7- 9 | 10-12 || total
---------------------------+-------+-------+-------+-------++-------
  Melee: Unarmed           |    14 |       |       |       ||    14
         Dagger            |     2 |    16 |    55 |    89 ||   162
  Throw: Throwing net      |       |       |       |     2 ||     2
   Cast: Magic Dart        |    70 |     2 |       |     2 ||    74
         Searing Ray       |     8 |    55 |    55 |     2 ||   120
         Stone Arrow       |       |       |    56 |   266 ||   322
         Dazzling Flash    |       |       |     2 |     1 ||     3
  Evoke: Wand              |       |       |     6 |     4 ||    10
    Use: Scroll            |     2 |    14 |    10 |     7 ||    33
         Potion            |     1 |       |     4 |     6 ||    11
   Stab: Sleeping          |       |       |     1 |       ||     1
         Invisible         |       |       |       |     4 ||     4
 Armour: Leather armour    |    11 |    14 |       |       ||    25
         Robe              |       |     3 |    58 |    60 ||   121
  Dodge: Dodged            |    28 |    23 |    60 |   128 ||   239
  Block: Buckler           |       |     4 |    59 |    75 ||   138
